[Event "Titled Tuesday Blitz September 27 Early 2022"]
[White "Suleymanli, Suleyman"]
[Black "Vogel, Roven"]
[WhiteFideId "13416375"]
[BlackFideId "12908088"]
[WhiteElo "1652"]
[BlackElo "2501"]
[Result "1/2-1/2"]
[Round "07"]
[TimeControl "180+1"]
[Date "2022.09.27"]
[WhiteClock "0:00:13"]
[BlackClock "0:00:03"]

1. Nf3 d5 2. g3 g6 3. Bg2 Bg7 4. d4 Nf6 5. O-O O-O 6. c4 c6 7. cxd5 cxd5 8. Nc3 Ne4 9. Ne5 Nxc3 10. bxc3 Nc6 11. Nxc6 bxc6 12. Qa4 Qb6 13. Ba3 Qa6 14. Qxa6 Bxa6 15. Rfb1 Rfb8 16. e4 e6 17. exd5 cxd5 18. Bd6 Rc8 19. Bc5 Bf8 20. Bxf8 Kxf8 21. Rb3 Rc7 22. Bf1 Bxf1 23. Kxf1 Ke7 24. Ke2 Kd7 25. Kd3 g5 26. h3 h5 27. Rab1 Rac8 28. Ra3 Ke7 29. Rb5 Kf6 30. Rba5 Ra8 31. Ra6 Kf5 32. R3a5 g4 33. h4 f6 34. Rb5 Rac8 35. Ra3 Rc6 36. Rba5 Rb6 37. Rb3 Rcb8 38. Kc2 Rxb3 39. axb3 Rb7 40. Ra6 e5 41. dxe5 fxe5 42. b4 Ke4 43. Rf6 Rc7 44. Kd2 Rb7 45. Rh6 Re7 46. Rxh5 Rf7 47. Ke2 Rc7 48. Rg5 Rxc3 49. Rxg4+ Kf5 50. Rg7 Rb3 51. Rxa7 Rxb4 52. h5 Rb2+ 53. Kf3 Rb3+ 54. Kg2 Kg5 55. Re7 Kf6 56. Rd7 Ke6 57. Rd8 Rb7 58. Re8+ Kf6 59. f3 e4 60. fxe4 dxe4 61. Rxe4 Kg5 62. Rh4 Rb2+ 63. Kh3 Kh6 64. Kg4 Rb4+ 65. Kh3 Rb2 66. Ra4 Kxh5 67. Ra5+ Kg6 68. Kh4 Rb8 69. Ra6+ Kg7 70. g4 Kg8 71. Kg5 Rf8 72. Kg6 Rc8 73. g5 Rd8 74. Kh6 Rc8 75. g6 Rb8 76. Ra7 Rc8 77. Ra6 Rb8 78. Kg5 Rb5+ 79. Kf6 Rb8 80. Ra7 Rb6+ 81. Kg5 Rb8 82. Kh6 Rc8 83. Rg7+ Kh8 84. Rf7 Kg8 85. Rf2 Rd8 86. Re2 Rc8 87. Rd2 Rb8 88. Ra2 Rc8 89. Ra7 Rd8 90. Rb7 Rc8 91. Rg7+ Kh8 92. Re7 Kg8 93. Kg5 Rd8 94. Re6 Rc8 95. Kf6 Rd8 96. g7 Rc8 97. Kg6 Rd8 98. Rc6 Rb8 99. Kh6 Rd8 100. Kg6 Rd6+ 101. Rxd6 1/2-1/2


[Site "https://www.chess.com"]

[Event "Titled Tuesday Blitz September 27 Early 2022"]
[White "Svane, Rasmus"]
[Black "Pakleza, Zbigniew"]
[WhiteFideId "4657101"]
[BlackFideId "1119290"]
[WhiteElo "2674"]
[BlackElo "2411"]
[Result "1-0"]
[Round "07"]
[TimeControl "180+1"]
[Date "2022.09.27"]
[WhiteClock "0:00:44"]
[BlackClock "0:00:02"]

1. Nf3 d5 2. g3 Nf6 3. Bg2 Bf5 4. c4 c6 5. O-O e6 6. Qb3 Qb6 7. d3 Nbd7 8. cxd5 Qxb3 9. axb3 exd5 10. Bd2 Be7 11. b4 O-O 12. Bc3 a6 13. Nbd2 h6 14. Nb3 Rac8 15. Nfd4 Bg6 16. Rfe1 Rfe8 17. Kf1 Nf8 18. Bh3 Rc7 19. f3 Bd6 20. Nc5 N6d7 21. Ndb3 Ne6 22. Na4 b5 23. Bxe6 fxe6 24. Nac5 Bxc5 25. Nxc5 Nxc5 26. bxc5 Ra7 27. Be5 a5 28. Kf2 a4 29. g4 b4 30. h4 Rea8 31. Rg1 Bh7 32. g5 hxg5 33. Rxg5 a3 34. bxa3 bxa3 35. Rag1 Bf5 36. e4 dxe4 37. dxe4 Bh3 38. Kg3 a2 39. Kxh3 a1=Q 40. Bxa1 Rxa1 41. Rxg7+ Kh8 42. Rxa1 Rxa1 43. Rc7 e5 44. Rxc6 Rc1 45. Kg4 Rc3 46. h5 Kg7 47. Rc8 Kh6 48. c6 Rc1 49. Kf5 Rc3 50. Kxe5 1-0


[Site "https://www.chess.com"]

[Event "Titled Tuesday Blitz September 27 Early 2022"]
[White "Sychev, Klementy"]
[Black "Xiong, Jeffery"]
[WhiteFideId "4114060"]
[BlackFideId "2047640"]
[WhiteElo "2564"]
[BlackElo "2714"]
[Result "0-1"]
[Round "07"]
[TimeControl "180+1"]
[Date "2022.09.27"]
[WhiteClock "0:00:03"]
[BlackClock "0:00:48"]

1. d4 d5 2. c4 e6 3. Nf3 dxc4 4. e3 Nf6 5. Bxc4 c5 6. O-O Nc6 7. a3 a6 8. dxc5 Qxd1 9. Rxd1 Bxc5 10. b4 Be7 11. Bb2 O-O 12. Nbd2 Bd7 13. Be2 Rfd8 14. Nb3 Be8 15. Rac1 Ne4 16. Bd3 Nd6 17. Nc5 Na7 18. e4 b6 19. Nxa6 Ba4 20. Rd2 Rac8 21. Rxc8 Rxc8 22. h3 Nc4 23. Bxc4 Rxc4 24. Ne5 Rxe4 25. Nc7 f6 26. Nd7 Re1+ 27. Kh2 Nc8 28. Na8 Bd6+ 29. g3 Bxd7 30. Nxb6 Bc6 0-1


[Site "https://www.chess.com"]

[Event "Titled Tuesday Blitz September 27 Early 2022"]
[White "Szente Varga, Fruzsina"]
[Black "Karavade, Eesha"]
[WhiteFideId "712264"]
[BlackFideId "5012600"]
[WhiteElo "1994"]
[BlackElo "2258"]
[Result "1/2-1/2"]
[Round "07"]
[TimeControl "180+1"]
[Date "2022.09.27"]
[WhiteClock "0:00:19"]
[BlackClock "0:00:07"]

1. e4 c5 2. Nf3 d6 3. d4 cxd4 4. Qxd4 Nc6 5. Bb5 Bd7 6. Qd3 Nf6 7. c4 a6 8. Bxc6 Bxc6 9. Nc3 e6 10. O-O Be7 11. b4 h6 12. b5 axb5 13. cxb5 Bd7 14. a4 O-O 15. Ba3 Rc8 16. Rac1 d5 17. Bxe7 Qxe7 18. exd5 exd5 19. Nxd5 Nxd5 20. Qxd5 Be6 21. Qe5 Qb4 22. Nd4 Rxc1 23. Rxc1 Qxa4 24. Nxe6 fxe6 25. Qxe6+ Kh8 26. b6 Qd4 27. Rf1 Rf6 28. Qc8+ Kh7 29. Qxb7 Rxb6 30. Qf7 Rf6 31. Qb3 Rc6 32. Qb1+ Kh8 33. Rd1 Qb6 34. Qe4 Rf6 35. Qc2 Rf8 36. h3 Qf6 37. Rd7 Qf5 38. Qd2 Qb1+ 39. Kh2 Qb8+ 40. g3 Qb6 41. Kg1 Qb1+ 42. Kg2 Qe4+ 43. Kh2 Qf5 44. Rd8 Rxd8 45. Qxd8+ Kh7 46. Qd4 Qf3 47. h4 h5 48. Qc5 g6 49. Qe3 Qc6 50. Qf4 Kg7 51. Qe5+ Kh7 52. Qe7+ Kg8 53. Qg5 Kg7 54. Qf4 Kg8 55. g4 hxg4 56. Qxg4 Qd6+ 57. Qg3 Qf6 58. h5 Kh7 59. Qxg6+ Qxg6 60. hxg6+ Kxg6 61. Kg2 Kf6 62. Kg3 Kg5 63. f4+ 1/2-1/2


[Site "https://www.chess.com"]

[Event "Titled Tuesday Blitz September 27 Early 2022"]
[White "Sztokbant, Bernardo Vainzoff"]
[Black "Maksimenko, Viktor"]
[WhiteFideId "2115956"]
[BlackFideId "13710478"]
[WhiteElo "2172"]
[BlackElo "2269"]
[Result "0-1"]
[Round "07"]
[TimeControl "180+1"]
[Date "2022.09.27"]
[WhiteClock "0:00:03"]
[BlackClock "0:00:05"]

1. d4 Nf6 2. c4 e6 3. Nf3 b6 4. g3 Bb7 5. Bg2 Bb4+ 6. Bd2 Be7 7. O-O O-O 8. Bf4 c6 9. Nc3 d5 10. cxd5 cxd5 11. Rc1 Nc6 12. Ne5 Rc8 13. Qa4 Nd7 14. Nd3 a6 15. Be3 h6 16. Qd1 Bf6 17. Nf4 b5 18. Qd2 Nb6 19. b3 Be7 20. Bh3 Ba3 21. Rcd1 Bb4 22. Rc1 Qe7 23. Nh5 f5 24. Nf4 Rc7 25. Ng6 Qd8 26. Nxf8 Bxf8 27. Qd3 Ba3 28. Bf4 Rc8 29. Rcd1 Bf8 30. Nb1 Nb4 31. Qd2 Rc2 32. Qe3 Qd7 33. a3 Nc6 34. Rc1 Rb2 35. Nd2 Bxa3 36. Nf3 Bf8 37. Qc3 Rxe2 38. Rfe1 Re4 39. Be3 Bb4 40. Qc2 Bxe1 41. Rxe1 a5 42. Nd2 a4 43. Nxe4 dxe4 44. bxa4 bxa4 45. Qc5 Nd5 46. Bf1 Nce7 47. Bb5 Bc6 48. Bxc6 Nxc6 49. Qb5 Qd6 50. Qxa4 Ncb4 51. Qa8+ Kh7 52. Bd2 Nd3 53. Rf1 Qb6 54. Qe8 Qd6 55. h4 Nf6 56. Qf7 Qd5 57. h5 Qd6 58. Qg6+ Kh8 59. Bxh6 Qf8 60. Bg5 Nh7 61. Bh4 Nb4 62. Qxe6 Qg8 63. Qxf5 Nd5 64. Qxd5 Qxd5 65. h6 Qh5 66. hxg7+ Kxg7 67. Re1 Ng5 68. Rf1 Nf3+ 69. Kg2 Qg4 70. Rh1 Nxd4 71. Re1 Nf3 72. Rh1 Kf7 73. Rh3 Ne1+ 74. Kf1 Qd1 75. Bg5 Nf3+ 76. Kg2 Qg1# 0-1


[Site "https://www.chess.com"]

[Event "Titled Tuesday Blitz September 27 Early 2022"]
[White "Tang, Andrew"]
[Black "Petrosyan, Manuel"]
[WhiteFideId "2059630"]
[BlackFideId "13300857"]
[WhiteElo "2584"]
[BlackElo "2592"]
[Result "0-1"]
[Round "07"]
[TimeControl "180+1"]
[Date "2022.09.27"]
[WhiteClock "0:00:50"]
[BlackClock "0:00:58"]

1. d4 Nf6 2. Nf3 d6 3. Nbd2 g6 4. e4 Bg7 5. Bd3 O-O 6. O-O Nc6 7. Re1 e5 8. dxe5 dxe5 9. Nc4 Qe7 10. c3 Nh5 11. Bg5 f6 12. Be3 Be6 13. Qc2 Nf4 14. Bf1 Rad8 15. b4 Qf7 16. Nfd2 g5 17. a4 b6 18. b5 Ne7 19. a5 Neg6 20. axb6 axb6 21. Ra7 Rd7 22. Nb2 Rfd8 23. c4 Bf8 24. Nb3 Nh4 25. Rd1 Rxd1 26. Nxd1 Qh5 27. Nd2 Nfxg2 28. Rxc7 Rxd2 29. Bxd2 Nf3+ 30. Kxg2 Qg4+ 31. Kh1 Qg1# 0-1


[Site "https://www.chess.com"]

[Event "Titled Tuesday Blitz September 27 Early 2022"]
[White "Terzi, Alexei"]
[Black "Al-Tarboush, Ward"]
[WhiteFideId "13505076"]
[BlackFideId "7601450"]
[WhiteElo "2739"]
[BlackElo "2538"]
[Result "1-0"]
[Round "07"]
[TimeControl "180+1"]
[Date "2022.09.27"]
[WhiteClock "0:00:44"]
[BlackClock "0:00:10"]

1. e4 c5 2. Nc3 Nc6 3. Bb5 e6 4. Bxc6 bxc6 5. d3 Ne7 6. f4 f6 7. Nf3 d6 8. O-O Ng6 9. Qe2 e5 10. f5 Ne7 11. g4 h6 12. Nh4 d5 13. Bd2 Ba6 14. b3 c4 15. bxc4 dxc4 16. dxc4 Qd4+ 17. Qf2 Bxc4 18. Rfd1 Qxf2+ 19. Kxf2 Nc8 20. Be3 Bb4 21. Na4 Bb5 22. Nc5 Bxc5 23. Bxc5 Nb6 24. Ng6 Rg8 25. Rd6 Nd7 26. Re6+ Kd8 27. Rd1 Kc7 28. Re7 Rad8 29. Bb4 c5 30. Ba5+ Kc8 31. Bxd8 Kxd8 32. Rb1 Bc6 33. Rd1 Kc7 34. h4 Rb8 35. Rxg7 Rb2 36. Rd2 Kc8 37. Ne7+ Kc7 38. Nxc6 Kxc6 39. Rgxd7 1-0


[Site "https://www.chess.com"]

[Event "Titled Tuesday Blitz September 27 Early 2022"]
[White "Torres Boch, Jose Francisco"]
[Black "Sai Han Thiha"]
[WhiteFideId "2278383"]
[BlackFideId "13012290"]
[WhiteElo "2088"]
[BlackElo "1791"]
[Result "1-0"]
[Round "07"]
[TimeControl "180+1"]
[Date "2022.09.27"]
[WhiteClock "0:00:45"]
[BlackClock "0:00:01"]

1. e4 c5 2. Nf3 d6 3. d4 cxd4 4. Nxd4 Nf6 5. Nc3 g6 6. Be3 a6 7. f3 b5 8. Qd2 Bb7 9. a4 e5 10. Nb3 b4 11. Na2 d5 12. Bg5 Nbd7 13. exd5 Bxd5 14. O-O-O Qb6 15. Kb1 Bxb3 16. cxb3 Bc5 17. Bh6 Bd4 18. Qxb4 Rb8 19. Qxb6 Rxb6 20. Bc4 Ke7 21. Rhe1 Ne8 22. Rxd4 f6 23. Rdd1 Nd6 24. Be3 Rb7 25. Nc3 Rhb8 26. Bd5 Rc7 27. Ne4 Nb7 28. Rc1 Rbc8 29. Rxc7 Rxc7 30. Rc1 Rxc1+ 31. Kxc1 Nd8 32. Nc5 Nb6 33. Bc4 a5 34. Nd3 Nc8 35. Bc5+ Kd7 36. b4 Nb7 37. bxa5 Nxa5 38. Bb5+ Ke6 39. b4 Nb7 40. Ba6 Nbd6 41. Bxc8+ Nxc8 42. Kd2 Kd5 43. Kc3 f5 44. a5 g5 45. a6 e4 46. fxe4+ fxe4 47. Nc1 e3 48. a7 Nxa7 49. Bxa7 e2 50. Nxe2 1-0


[Site "https://www.chess.com"]

[Event "Titled Tuesday Blitz September 27 Early 2022"]
[White "Umarov, Sabir"]
[Black "Tasev, Dejan"]
[WhiteFideId "14200538"]
[BlackFideId "936618"]
[WhiteElo "2396"]
[BlackElo "2256"]
[Result "0-1"]
[Round "07"]
[TimeControl "180+1"]
[Date "2022.09.27"]
[WhiteClock "0:00:29"]
[BlackClock "0:00:19"]

1. e4 c6 2. d4 d5 3. Bd3 dxe4 4. Bxe4 Nf6 5. Bf3 g6 6. Ne2 Bg7 7. O-O O-O 8. h3 Nbd7 9. c3 e5 10. Ng3 exd4 11. Qxd4 Nb6 12. Qxd8 Rxd8 13. Nd2 Be6 14. Re1 Nbd5 15. Nde4 Nxe4 16. Nxe4 h6 17. Nc5 Bc8 18. Bxd5 cxd5 19. Be3 b6 20. Nb3 Be6 21. Rad1 Rac8 22. Bd4 Bf8 23. a4 Bf5 24. a5 Bc2 25. Nd2 Bxd1 26. Rxd1 bxa5 27. Bxa7 Rb8 28. Bxb8 Rxb8 29. b3 Bc5 30. Kf1 Kf8 31. Ke2 Ke7 32. f3 h5 33. Kd3 Kd6 34. Ra1 Bb6 35. c4 Re8 36. cxd5 Re3+ 37. Kc4 f5 38. Kb5 Kc7 39. d6+ Kb7 40. Rb1 Rd3 41. Nc4 Rd5+ 42. Ka4 Bd8 43. Re1 Kc6 44. Re6 Rd1 45. Ka3 g5 46. Re5 g4 47. Rxf5 gxh3 48. gxh3 h4 49. Rf8 Bg5 50. f4 Bh6 51. Rf6 Bg7 52. Ne5+ Kb5 53. Rg6 Bf8 54. Nc4 Rd3 55. Kb2 Rxh3 56. Rf6 Bg7 0-1


[Site "https://www.chess.com"]

[Event "Titled Tuesday Blitz September 27 Early 2022"]
[White "Urazayev, Arystanbek"]
[Black "Vokhidov, Shamsiddin"]
[WhiteFideId "13709810"]
[BlackFideId "14204223"]
[WhiteElo "2441"]
[BlackElo "2619"]
[Result "1-0"]
[Round "07"]
[TimeControl "180+1"]
[Date "2022.09.27"]
[WhiteClock "0:01:50"]
[BlackClock "0:01:35"]

1. e4 c5 2. Nf3 d6 3. d4 cxd4 4. Nxd4 Nf6 5. Nc3 a6 6. Be2 e5 7. Nb3 Be7 8. h4 Be6 9. f4 exf4 10. Bxf4 d5 11. e5 Ne4 12. Nxe4 dxe4 13. Qxd8+ Bxd8 14. Nc5 Nd7 15. Nxb7 Bc7 16. Nd6+ Ke7 17. O-O-O Rhd8 18. Nxe4 Nxe5 19. Be3 Bd5 20. Bc5+ Ke8 21. Nd6+ Bxd6 22. Rxd5 Bxc5 23. Rxc5 f6 24. h5 a5 25. Rc7 Rd7 26. Bb5 1-0


[Site "https://www.chess.com"]

[Event "Titled Tuesday Blitz September 27 Early 2022"]
[White "Valle Maytin, Luis Enrique"]
[Black "Goncalves, Davi Sulzbacher"]
[WhiteFideId "3503666"]
[BlackFideId "2154510"]
[WhiteElo "2225"]
[BlackElo "2107"]
[Result "1-0"]
[Round "07"]
[TimeControl "180+1"]
[Date "2022.09.27"]
[WhiteClock "0:01:03"]
[BlackClock "0:00:20"]

1. e4 c6 2. d4 d5 3. e5 Bf5 4. g4 Bd7 5. f4 e6 6. Nf3 c5 7. c3 Nc6 8. Be2 h5 9. g5 Nge7 10. Nh4 g6 11. Na3 Nc8 12. Nc2 Qb6 13. Nf3 cxd4 14. Nfxd4 N8e7 15. Rb1 Rc8 16. Be3 Qa5 17. a3 Nf5 18. Nxf5 gxf5 19. h4 Bc5 20. Bd4 Nxd4 21. Nxd4 Ba4 22. Qd2 Bxd4 23. Qxd4 Bc2 24. Rc1 Be4 25. Rg1 Rg8 26. Kf2 b6 27. Kg3 Rc7 28. a4 Kd8 29. Bb5 Rc4 30. Bxc4 Qxa4 31. Be2 Qb3 32. Qb4 Qxb4 33. cxb4 Ke7 34. Rc7+ Kf8 35. Bxh5 f6 36. exf6 1-0


[Site "https://www.chess.com"]

[Event "Titled Tuesday Blitz September 27 Early 2022"]
[White "Vignesh, N R"]
[Black "Howell, David W L"]
[WhiteFideId "25012215"]
[BlackFideId "410608"]
[WhiteElo "2363"]
[BlackElo "2559"]
[Result "0-1"]
[Round "07"]
[TimeControl "180+1"]
[Date "2022.09.27"]
[WhiteClock "0:00:30"]
[BlackClock "0:00:13"]

1. e4 g6 2. d4 Bg7 3. Bc4 c6 4. Nc3 b5 5. Bb3 a5 6. a4 b4 7. Nce2 d5 8. exd5 cxd5 9. Nf4 Nf6 10. Qf3 Bg4 11. Qg3 Nc6 12. Be3 h5 13. f3 Bf5 14. Nge2 Rc8 15. Qf2 Qd6 16. O-O O-O 17. Ng3 e6 18. Nxf5 exf5 19. Nd3 Nd7 20. Rad1 Nb6 21. Bf4 Qd8 22. Ne5 Re8 23. Rfe1 Re6 24. Re2 Qe8 25. Rde1 Nd8 26. Qg3 Nxa4 27. Bxa4 Qxa4 28. Nxf7 Kxf7 29. Rxe6 Nxe6 30. Rxe6 Kxe6 31. Qxg6+ Bf6 32. Be5 Qa1+ 33. Kf2 Rxc2+ 34. Kg3 Qe1+ 35. Kf4 Qd2+ 36. Kg3 Qxg2+ 0-1


[Site "https://www.chess.com"]

[Event "Titled Tuesday Blitz September 27 Early 2022"]
[White "Wagner, Dennis"]
[Black "Grandelius, Nils"]
[WhiteFideId "24650684"]
[BlackFideId "1710400"]
[WhiteElo "2355"]
[BlackElo "2617"]
[Result "0-1"]
[Round "07"]
[TimeControl "180+1"]
[Date "2022.09.27"]
[WhiteClock "0:00:05"]
[BlackClock "0:00:29"]

1. e4 c5 2. Nf3 e6 3. c3 d5 4. exd5 Qxd5 5. d4 Nf6 6. Na3 a6 7. Nc4 Nbd7 8. Be3 cxd4 9. Bxd4 Be7 10. Qe2 b5 11. Nce5 O-O 12. Rg1 Bb7 13. g4 Nxe5 14. Nxe5 Qe4 15. Bg2 Qxe2+ 16. Kxe2 Nd5 17. Nd3 Rac8 18. f4 Rfd8 19. Raf1 b4 20. Kd2 bxc3+ 21. bxc3 Bc6 22. Rb1 Bb5 23. Rgf1 Nxc3 0-1


[Site "https://www.chess.com"]

[Event "Titled Tuesday Blitz September 27 Early 2022"]
[White "Winterberg, Lukas"]
[Black "Meshkovs, Nikita"]
[WhiteFideId "24622702"]
[BlackFideId "11602740"]
[WhiteElo "2592"]
[BlackElo "2746"]
[Result "0-1"]
[Round "07"]
[TimeControl "180+1"]
[Date "2022.09.27"]
[WhiteClock "0:00:10"]
[BlackClock "0:01:11"]

1. d4 Nf6 2. Nf3 e6 3. c4 b6 4. g3 Ba6 5. b3 d5 6. Bg2 Bb4+ 7. Bd2 Be7 8. Bc3 Ne4 9. O-O Nxc3 10. Nxc3 c6 11. Nd2 O-O 12. e4 dxc4 13. Nxc4 Nd7 14. Re1 Bxc4 15. bxc4 e5 16. d5 Qc7 17. Rc1 Bc5 18. Bh3 Rfd8 19. Bxd7 Rxd7 20. Qg4 Bd4 21. dxc6 Qxc6 22. Nd5 Rad8 23. Kg2 Qe6 24. Qe2 Rc8 25. f4 exf4 26. gxf4 f5 27. Qd3 Qg6+ 28. Kh1 Bc5 29. exf5 Qh5 30. Rg1 Kh8 31. Rg5 Qe8 32. Rf1 Rcd8 33. Qf3 Rd6 34. f6 gxf6 35. Rf5 Qg6 36. Qh3 Rg8 37. Ne7 Qg1+ 38. Rxg1 Rxg1# 0-1


[Site "https://www.chess.com"]

[Event "Titled Tuesday Blitz September 27 Early 2022"]
[White "Zaksaite, Salomeja"]
[Black "Quirke, Jeffrey"]
[WhiteFideId "12801496"]
[BlackFideId "2013029"]
[WhiteElo "1953"]
[BlackElo "2139"]
[Result "1-0"]
[Round "07"]
[TimeControl "180+1"]
[Date "2022.09.27"]
[WhiteClock "0:00:07"]
[BlackClock "0:00:03"]

1. e4 c5 2. Nf3 g6 3. Bc4 Bg7 4. c3 d5 5. Bxd5 Nf6 6. Qb3 Nxd5 7. exd5 O-O 8. c4 e6 9. O-O exd5 10. cxd5 Na6 11. Nc3 Nc7 12. d3 b5 13. Bf4 b4 14. Bxc7 Qxc7 15. Ne4 Bg4 16. Nfd2 Rad8 17. Rac1 Bd4 18. Qc4 Qe5 19. h3 Bc8 20. Nf3 Qxd5 21. Qxd5 Rxd5 22. Nxd4 Rxd4 23. Nxc5 Bf5 24. Rfd1 Rfd8 25. f3 Bxd3 26. Kf2 Bf5 27. Rxd4 Rxd4 28. Ke3 Rd8 29. Rc4 a5 30. Rd4 Re8+ 31. Kd2 h5 32. g4 hxg4 33. hxg4 Bc8 34. Ne4 Kg7 35. g5 Rd8 36. Rxd8 1-0


[Site "https://www.chess.com"]

[Event "Titled Tuesday Blitz September 27 Early 2022"]
[White "Zanette, Edgard Vinicius"]
[Black "Baches Garcia, Guillermo"]
[WhiteFideId "2109263"]
[BlackFideId "2209764"]
[WhiteElo "2182"]
[BlackElo "2416"]
[Result "1/2-1/2"]
[Round "07"]
[TimeControl "180+1"]
[Date "2022.09.27"]
[WhiteClock "0:00:22"]
[BlackClock "0:00:07"]

1. e4 c5 2. Nc3 Nc6 3. f4 g6 4. Nf3 Bg7 5. Bb5 Nd4 6. O-O a6 7. Bd3 e6 8. e5 d5 9. Nxd4 cxd4 10. Ne2 Qb6 11. b3 Ne7 12. Ba3 Nc6 13. Bd6 Bf8 14. Bxf8 Rxf8 15. a3 Bd7 16. Qe1 f5 17. exf6 Rxf6 18. Qh4 Rf7 19. Kh1 Qd8 20. Qxd8+ Rxd8 21. g3 Ke7 22. h4 Kd6 23. Rae1 b5 24. Kg2 Bc8 25. Ng1 e5 26. fxe5+ Nxe5 27. Rxf7 Nxf7 28. Nf3 Bg4 29. Nxd4 Ne5 30. Be2 Bd7 31. Rf1 Re8 32. Bd1 Re7 33. Rf6+ Kc7 34. Rxa6 Nc6 35. Nxc6 Bxc6 36. Ra7+ Bb7 37. b4 Kb6 38. Ra5 d4+ 39. Kf2 Rf7+ 40. Kg1 Bc6 41. Be2 Re7 42. Bd3 Rf7 43. a4 bxa4 44. Rc5 a3 45. Ra5 Ra7 46. Rxa7 Kxa7 47. Bc4 Kb6 48. c3 dxc3 49. dxc3 Be4 50. Ba2 Kb5 51. Kf2 Bd3 52. Ke3 Bc4 53. Bb1 a2 54. Bxa2 Bxa2 55. Kd4 h5 56. Ke5 Bc4 57. Kd4 Bb3 58. Kd3 Bc4+ 59. Kd4 Bb3 60. Kd3 Be6 61. Kd4 Bc4 62. Ke3 Be6 63. Kd4 Bb3 1/2-1/2


[Site "https://www.chess.com"]

[Event "Titled Tuesday Blitz September 27 Early 2022"]
[White "Zenin, Dmitry"]
[Black "Orlov, Georgi"]
[WhiteFideId "4127897"]
[BlackFideId "2011271"]
[WhiteElo "2215"]
[BlackElo "2586"]
[Result "1-0"]
[Round "07"]
[TimeControl "180+1"]
[Date "2022.09.27"]
[WhiteClock "0:00:41"]
[BlackClock "0:00:06"]

1. d4 e6 2. c4 Nf6 3. Nc3 Bb4 4. Qc2 Nc6 5. Nf3 d6 6. Bd2 O-O 7. a3 Bxc3 8. Bxc3 a5 9. b3 Qe7 10. e3 e5 11. dxe5 dxe5 12. h3 Nd7 13. Be2 Nc5 14. O-O e4 15. Nd4 Ne5 16. b4 Ncd3 17. c5 Qg5 18. Kh1 Qh6 19. f4 Bxh3 20. fxe5 Bg4+ 21. Kg1 Qxe3+ 22. Kh2 Qh6+ 23. Kg1 Qe3+ 24. Kh2 Nxe5 25. Nf5 Qxe2 26. Qxe2 Bxe2 27. Bxe5 Bxf1 28. Rxf1 f6 29. Bxc7 axb4 30. axb4 Ra4 31. b5 Rc4 32. Bd6 Re8 33. c6 bxc6 34. b6 g6 35. Ne3 Rc3 36. Ng4 Re6 37. b7 Rb3 38. b8=Q+ Rxb8 39. Bxb8 f5 40. Ne3 c5 41. Rc1 Rb6 42. Bf4 Rb5 43. g4 Rb2+ 44. Kg3 Rb3 45. gxf5 gxf5 46. Rxc5 1-0


[Site "https://www.chess.com"]

[Event "Titled Tuesday Blitz September 27 Early 2022"]
[White "Zhigalko, Sergei"]
[Black "Kravtsiv, Martyn"]
[WhiteFideId "13502956"]
[BlackFideId "14113147"]
[WhiteElo "2662"]
[BlackElo "2694"]
[Result "0-1"]
[Round "07"]
[TimeControl "180+1"]
[Date "2022.09.27"]
[WhiteClock "0:00:02"]
[BlackClock "0:00:16"]

1. e4 e5 2. Nf3 Nc6 3. Bb5 a6 4. Ba4 Nf6 5. O-O b5 6. Bb3 Be7 7. a4 b4 8. d3 d6 9. a5 O-O 10. Nbd2 Rb8 11. Bc4 Be6 12. Re1 Qc8 13. b3 h6 14. Bb2 Nh5 15. Bxe6 Qxe6 16. Nxe5 dxe5 17. Qxh5 Rb5 18. Nc4 Bc5 19. Qf5 Qxf5 20. exf5 f6 21. Re4 Rd8 22. g4 Rd5 23. Kg2 Bf8 24. f4 exf4 25. Rxf4 Nxa5 26. Re4 Nb7 27. Re8 a5 28. Ra8 Kf7 29. h3 h5 30. Re1 Nd6 31. Ra1 Nb7 32. Kf3 Rbc5 33. Ra7 Nd6 34. Nxa5 Rxc2 0-1


[Site "https://www.chess.com"]

[Event "Titled Tuesday Blitz September 27 Early 2022"]
[White "Zong, Davis"]
[Black "Matveeva, Olga"]
[WhiteFideId "30903955"]
[BlackFideId "24107018"]
[WhiteElo "2061"]
[BlackElo "2056"]
[Result "1-0"]
[Round "07"]
[TimeControl "180+1"]
[Date "2022.09.27"]
[WhiteClock "0:00:21"]
[BlackClock "0:00:05"]

1. d4 Nf6 2. c4 e6 3. Nf3 d5 4. Nc3 dxc4 5. e4 c5 6. Bxc4 cxd4 7. Nxd4 Nc6 8. Be3 Bb4 9. f3 O-O 10. O-O e5 11. Nc2 Bxc3 12. bxc3 Qe7 13. Qe2 Be6 14. Rfd1 Rfd8 15. Rab1 b6 16. Bb5 Na5 17. Nb4 Rac8 18. Rbc1 Bc4 19. Bxc4 Nxc4 20. Bg5 Qe6 21. Nd5 Nxd5 22. Bxd8 Nf4 23. Qf2 Qg6 24. Kh1 Ne3 25. Rg1 Nexg2 26. Bh4 Qh6 27. Bg3 Rd8 28. Rcd1 Rxd1 29. Rxd1 g6 30. Rg1 f6 31. Rxg2 Nxg2 32. Kxg2 Qc1 33. Qe1 Qc2+ 34. Kh3 Qxa2 35. Qd1 Qe6+ 36. Kg2 Kg7 37. Qd5 Qc8 38. c4 a5 39. Qb5 Qc7 40. Bf2 Qd6 41. Qxb6 1-0


[Site "https://www.chess.com"]

[Event "Titled Tuesday Blitz September 27 Early 2022"]
[White "Abdisalimov, Abdimalik"]
[Black "Riehle, Marco"]
[WhiteFideId "14206323"]
[BlackFideId "12904392"]
[WhiteElo "2401"]
[BlackElo "2462"]
[Result "1-0"]
[Round "08"]
[TimeControl "180+1"]
[Date "2022.09.27"]
[WhiteClock "0:00:29"]
[BlackClock "0:01:33"]

1. d4 d5 2. c4 e6 3. Nc3 c5 4. cxd5 cxd4 5. Qa4+ Bd7 6. Qxd4 exd5 7. Nf3 Nc6 8. Qd1 Nf6 9. e3 Bd6 10. h3 O-O 11. Be2 Rc8 12. O-O Bf5 13. b3 Qe7 14. Bb2 Ne5 15. Nxd5 Nxd5 16. Qxd5 Nxf3+ 17. Bxf3 Bg6 18. Qxb7 Rc7 19. Qa6 h6 20. Rad1 Be5 21. Bxe5 Qxe5 22. Qd6 Qc3 23. Rd4 Rfc8 24. Rfd1 Qb2 25. R1d2 Rc1+ 26. Kh2 Qb1 27. Bd5 Rh1+ 28. Kg3 Qf5 29. Qf4 Qh5 30. Bf3 Qa5 31. Bg4 Re8 32. b4 Qb5 33. Bd7 Qf1 34. Bxe8 Qg1 35. Bxf7+ Bxf7 36. Rd8+ Kh7 37. Qxf7 Qh2+ 38. Kf3 Qe5 39. Qg8+ Kg6 40. R8d6+ Kh5 41. R2d5 1-0


[Site "https://www.chess.com"]

[Event "Titled Tuesday Blitz September 27 Early 2022"]
[White "Acosta Villarroel, Lorner Jesus"]
[Black "Quispe Santacruz, Javier"]
[WhiteFideId "3906337"]
[BlackFideId "3800920"]
[WhiteElo "2325"]
[BlackElo "1930"]
[Result "1-0"]
[Round "08"]
[TimeControl "180+1"]
[Date "2022.09.27"]
[WhiteClock "0:02:18"]
[BlackClock "0:02:37"]

1. d4 d5 2. c4 c6 3. Nc3 Nf6 4. cxd5 cxd5 5. Bf4 Nc6 6. e3 a6 7. Bd3 Bg4 8. f3 Bh5 9. Nge2 e6 10. g4 Bg6 11. h4 Bxd3 12. Qxd3 Bd6 13. h5 h6 14. Kf2 Na5 15. Rac1 Rc8 16. Bxd6 Qxd6 17. Nb5 Qd7 18. Rxc8+ Qxc8 19. Nd6+ 1-0


[Site "https://www.chess.com"]

[Event "Titled Tuesday Blitz September 27 Early 2022"]
[White "Adewumi, Tanitoluwa"]
[Black "Khamdamova, Afruza"]
[WhiteFideId "30966396"]
[BlackFideId "14210444"]
[WhiteElo "2571"]
[BlackElo "1668"]
[Result "0-1"]
[Round "08"]
[TimeControl "180+1"]
[Date "2022.09.27"]
[WhiteClock "0:00:02"]
[BlackClock "0:00:16"]

1. Nf3 Nf6 2. b3 g6 3. Bb2 Bg7 4. e3 b6 5. Be2 Bb7 6. O-O O-O 7. d4 d6 8. Nbd2 c5 9. Rc1 Nbd7 10. c4 Qc7 11. d5 e6 12. e4 e5 13. Ne1 Bh6 14. f3 a6 15. Nd3 Rae8 16. Rc2 Nh5 17. g3 Ng7 18. f4 f5 19. fxe5 Nxe5 20. Nxe5 dxe5 21. exf5 Nxf5 22. Ne4 Ne3 23. Qd3 Nxf1 24. Bxf1 Bg7 25. Bh3 Bc8 26. d6 Qf7 27. d7 Rd8 28. Rf2 Rxd7 29. Rxf7 Rxd3 30. Rxf8+ Kxf8 31. Bxc8 Rd1+ 32. Kg2 Re1 33. Kf3 a5 34. Bc3 Rh1 35. h3 Rh2 36. a4 Rc2 37. Bd7 Rc1 38. Bb5 Rb1 39. Bd2 Rxb3+ 40. Ke2 Rb2 41. Kd3 Ke7 42. Bg5+ Ke6 43. Bd8 Rb3+ 44. Ke2 Bh6 45. Kf2 Re3 46. Nd2 Rd3 47. Nf3 Rxd8 48. Bc6 Rd6 49. Be4 Rd1 50. Ke2 Rc1 51. Bd5+ Kd6 52. h4 Ra1 53. Ne1 Rxa4 54. Nd3 Ra2+ 55. Kf3 a4 56. Nf2 a3 57. Ne4+ Ke7 58. Nc3 Rc2 59. Nb5 a2 60. Be4 Rc1 0-1


[Site "https://www.chess.com"]